Unix NetHack Version 5.0.0-0 post-release - last build Jun 10 2026 00:39:30 (3ee93aec679c4c4259841fe613dc97188e26a321,branch:main).

Game began 2026-07-05 18:08:19, ended 2026-07-05 18:22:19.

Coineanach, neutral male human Barbarian

                                      ----.--
                                   ---.....@G
                                   |.....|.--
                                   -.|..-
                                   ..|
                                   .--

Coineanach the Pillager    St:17 Dx:17 Co:16 In:8 Wi:9 Ch:8  Neutral
Dlvl:6  $:231 HP:0(45) Pw:13(13) AC:5  Xp:4 T:1468 

Latest messages:
 There is a partly eaten gnome corpse here; eat it? [ynq] (n)
 You consume the last bite of your meal.
 You finish eating the gnome corpse.
 You have a little trouble lifting 5 daggers.  Continue? [ynq] (q)
 #
 You have a little trouble lifting 5 daggers.  Continue? [ynq] (q)
 You have a little trouble lifting z - 5 daggers.
 Your movements are slowed slightly because of your load.
 You are hit by a dagger.
 What do you want to drop? [$a-mo-qs-z or ?*]
 You drop a crossbow.
 Your movements are now unencumbered.
 What do you want to drop? [$a-mo-qs-wyz or ?*]
 You drop 8 crossbow bolts.
 You are hit by a dagger.
 What do you want to ready? [$byz or ?*]
 z - 5 daggers (at the ready).
 You are hit by a dagger.
 The gnome wields a dagger!
 You kill the gnome!
 There is a gnome corpse here; eat it? [ynq] (n)
 This gnome corpse tastes terrible!
 You finish eating the gnome corpse.
 z - a dagger (at the ready) (6 in total).
 You see here a dagger.
 You have a little trouble lifting a dagger.  Continue? [ynq] (q)
 What do you want to ready? [- $byz or ?*]
 You don't have that object.
 What do you want to ready? [- $byz or ?*]
 l - a brass wand (in quiver pouch).
 A trap door opens up under you!
 You fall down a shaft!
 The bottle crashes on your head and breaks into shards.
 The smoky potion evaporates.
 You feel somewhat dizzy.
 You hear a D flat squeak in the distance.
 The gnome king swings his bow.
 The gnome king hits!
 You feel less confused now.
 You smite the gnome king!
 The gnome king swings his bow.
 The gnome king hits!
 What do you want to zap? [lo or ?*]
 In what direction?
 The magic missile hits the gnome king!
 The gnome king swings his bow.
 The gnome king hits!
 You die...
 Do you want your possessions identified? [ynq] (y)
 Do you want to see your attributes? [ynq] (y)

Inventory:
 Coins    ('$')
  $ - 231 gold pieces
 Amulets  ('"')
  e - a cursed amulet of change
 Weapons  (')')
  z - 6 +0 daggers
  y - a cursed -1 dagger
  a - a +0 battle-axe (weapon in hands)
  b - a blessed +0 short sword (alternate weapon; not wielded)
 Armor    ('[')
  k - an uncursed +0 orcish helm
  p - an uncursed +1 pair of jumping boots (being worn)
  c - an uncursed +0 ring mail (being worn)
 Comestibles  ('%')
  q - 3 uncursed slime molds
  u - 2 uncursed cram rations
  d - 5 uncursed food rations
  t - an uncursed lembas wafer
  g - 2 uncursed lichen corpses
 Scrolls  ('?')
  h - a blessed scroll of enchant armor
  s - an uncursed scroll of magic mapping
 Spellbooks  ('+')
  v - an uncursed spellbook of cure sickness
 Potions  ('!')
  f - a cursed potion of gain energy
  i - a cursed potion of restore ability
  j - an uncursed potion of sleeping
 Wands    ('/')
  l - a wand of magic missile (0:4) (in quiver pouch)
  o - a wand of probing (0:6)
 Tools    ('(')
  m - an uncursed tin whistle

Coineanach the Barbarian's attributes:

Background:
 You were a Pillager, a level 4 male human Barbarian.
 You were neutral, on a mission for Crom
 who was opposed by Mitra (lawful) and Set (chaotic).
 You were right-handed.
 You were in the Gnomish Mines, on level 6.
 You entered the dungeon 1468 turns ago.
 You had 125 experience points, 35 more were needed to attain level 5.

Basics:
 You had 0 out of 45 hit points.
 You had all 13 energy points (spell power).
 Your armor class was 5.
 Your wallet contained 231 zorkmids.
 Autopickup was off.

Final Characteristics:
 Your strength was 17 (limit:18/100).
 Your dexterity was 17 (limit:18).
 Your constitution was 16 (limit:18).
 Your intelligence was 8 (limit:18).
 Your wisdom was 9 (limit:18).
 Your charisma was 8 (limit:18).

Final Status:
 You weren't hungry.
 You were unencumbered.
 You were wielding an axe.
 You had basic skill with axe.

Final Attributes:
 You were devoutly aligned.
 You were poison resistant.
 You could jump.
 You were warded.
 Your spell casting was impaired by metallic armor.
 You are dead.

Miscellaneous:
 You didn't encounter any bones levels.
 Total elapsed playing time was 13 minutes and 59 seconds.

Major events:
 Turn
    1: Coineanach the neutral male human Barbarian entered the dungeon
 1185: attained the rank of Pillager (level 3)
 1304: entered the Gnomish Mines
 1468: killed by a gnome king

Spells:
 Name                 Level Category     Fail Retention
 detect monsters        1   divination   100%  76%-100%

Skills:
 Fighting Skills
   bare handed combat [Basic]
   two weapon combat  [Unskilled]
   riding             [Unskilled]
 Weapon Skills
   dagger             [Unskilled]
   axe                [Basic]
   pick-axe           [Unskilled]
   short sword        [Basic]
   broadsword         [Unskilled]
   long sword         [Unskilled]
   two-handed sword   [Unskilled]
   saber              [Unskilled]
   club               [Unskilled]
   mace               [Unskilled]
   morning star       [Unskilled]
   flail              [Unskilled]
   hammer             [Unskilled]
   quarterstaff       [Unskilled]
   spear              [Unskilled]
   trident            [Unskilled]
   bow                [Unskilled]
 Spellcasting Skills
   attack spells      [Unskilled]
   escape spells      [Unskilled]

Voluntary challenges:
 Character rerolling was not enabled.
 You never genocided any monsters.
 You never polymorphed an object.
 You never changed form.
 You used no wishes.
Achievements:
 You entered a shop.
 You attained the rank of Pillager.
 You entered the Gnomish Mines.

 The Dungeons of Doom: levels 1 to 3
    Level 1:
    Level 2: "vault"
       An armor shop, an altar, a fountain.
    Level 3: "vault, spb det mon"
       A scroll shop, an altar.
       Stairs down to The Gnomish Mines.
 The Gnomish Mines: levels 4 to 6
    Level 4:
    Level 6: <- You were here.
       Final resting place for
          you, killed by a gnome king.


Vanquished creatures:
  a gnome leader
  a dwarf
 an iguana
  a gas spore
  7 gnomes
  4 jackals
  2 foxes
  a goblin
  2 grid bugs
  5 lichens
  5 newts
30 creatures vanquished.

No species were genocided or became extinct.

Game over:
                       ----------
                      /          \
                     /    REST    \
                    /      IN      \
                   /     PEACE      \
                  /                  \
                  |    Coineanach    |
                  |      231 Au      |
                  |   killed by a    |
                  |    gnome king    |
                  |                  |
                  |                  |
                  |       2026       |
                 *|     *  *  *      | *
        _________)/\\_//(\/(/\)/\//\/|_)_______

Goodbye Coineanach the Barbarian...

You died in The Gnomish Mines on dungeon level 6 with 968 points,
and 231 pieces of gold, after 1468 moves.
You were level 4 with a maximum of 45 hit points when you died.

